 Dungeon Crawl Stone Soup version 0.30-a0-989-g0d87f670db (webtiles) character file.

Game seed: 15861557272934969447

158 mopl the Sneak (level 5, -6/36 HPs)
             Began as an Octopode Delver on Apr 3, 2023.
             Mangled by a gnoll
             ... wielding a +0 halberd
              (16 damage)
             ... on level 2 of the Dungeon.
             The game lasted 00:03:17 (1748 turns).

mopl the Sneak (Octopode Delver)                    Turns: 1748, Time: 00:03:18

Health: -6/36      AC:  1    Str: 12    XL:     5   Next: 40%
Magic:  1/8        EV: 18    Int: 14    God:
Gold:   180        SH:  0    Dex: 13    Spells: 7/9 levels left

rFire   . . .      SeeInvis .    a - +0 falchion
rCold   . . .      Faith    .    (no shield)
rNeg    . . .      Spirit   .    (helmet restricted)
rPois   .          Reflect  .    (no amulet)
rElec   .          Rampage  .    h - +5 ring of evasion
rCorr   .                        (no ring)
Will    .....                    (no ring)
Stlth   +++++                    (no ring)
HPRegen 0.26/turn                (no ring)
MPRegen 0.11/turn                (no ring)
                                 (no ring)
                                 (no ring)

@: no status effects
A: almost no armour, amphibious, 8 rings, camouflage 1, gelatinous body 1,
(nimble swimmer 1), tentacles
a: no special abilities


You were on level 2 of the Dungeon.
You visited 1 branch of the dungeon, and saw 5 of its levels.

You collected 180 gold pieces.

Inventory:

Hand Weapons
 a - a +0 falchion (weapon)
 b - a +0 dagger
 k - a +2 hand axe of flaming
Missiles
 n - 4 curare-tipped darts (quivered)
Jewellery
 h - a +5 ring of evasion (left tentacle)
Wands
 f - a wand of digging (3)
Scrolls
 c - 3 scrolls of magic mapping
 d - a scroll of fear
 g - a scroll of fog
 i - a scroll of enchant armour {unknown}
 j - a scroll of vulnerability {unknown}
 o - a scroll of identify {unknown}
 p - a scroll of acquirement {unknown}
 q - a scroll of poison {unknown}
Potions
 e - a potion of haste
 l - a potion of attraction {unknown}
 m - a potion of degeneration {unknown}
 r - 2 potions of flight {unknown}


   Skills:
 - Level 3.4 Fighting
 - Level 2.0 Long Blades
 - Level 2.0 Dodging
 + Level 7.5 Stealth
 * Level 2.6 Spellcasting
 * Level 2.2 Hexes


You had 7 spell levels left.
You knew the following spells:

 Your Spells              Type           Power      Damage    Failure   Level
b - Ensorcelled Hibernat  Hex/Ice        8%         N/A       22%         2

Your spell library contained the following spells:

 Spells                   Type           Power      Damage    Failure   Level
 Spider Form              Tmut/Pois      1%         N/A       56%         3
 Anguish                  Hex/Necr       2%         N/A       80%         4


Dungeon Overview and Level Annotations

Branches:
Dungeon (5/15)
 Temple: D:4-7

Altars:


Innate Abilities, Weirdness & Mutations

You cannot wear most types of armour.
You are amphibious.
You can wear up to eight rings at the same time.
Your skin changes colour to match your surroundings (Stealth+).
Your rubbery body absorbs attacks. (AC +1, EV +1)
((You are camouflaged when in or above water. (Stealth+)))
You have tentacles for arms and can constrict up to eight enemies at once.


Message History

Confirm with . or Enter, or press ? or * to list all spells.
Aiming: Ensorcelled Hibernation (safe; 22% risk of failure)
Press: ? - help, Shift-Dir - straight line, f/p - gnoll
Aim: a gnoll, wielding a +0 club (chance to affect: 46%)
The gnoll resists with some effort.
The gnoll hits you with a +0 club.
Unknown command.
Casting: Ensorcelled Hibernation (safe; 22% risk of failure)
Confirm with . or Enter, or press ? or * to list all spells.
Aiming: Ensorcelled Hibernation (safe; 22% risk of failure)
Press: ? - help, Shift-Dir - straight line, f/p - gnoll
Aim: a gnoll, wielding a +0 club (chance to affect: 46%)
You miscast Ensorcelled Hibernation.
You are very lightly contaminated with residual magic.
Nothing appears to happen.
The gnoll misses you.
Unknown command.
Casting: Ensorcelled Hibernation (safe; 22% risk of failure)
Confirm with . or Enter, or press ? or * to list all spells.
Aiming: Ensorcelled Hibernation (safe; 22% risk of failure)
Press: ? - help, Shift-Dir - straight line, f/p - gnoll
Aim: a gnoll, wielding a +0 club (chance to affect: 46%)
The gnoll looks drowsy...
The helpless gnoll fails to defend itself.
You slash the gnoll! You grab the gnoll.
The gnoll is severely wounded.
You constrict the gnoll. The gnoll closely misses you.
You hit the gnoll.
You kill the gnoll!
The gnoll attacks as you move away! The gnoll closely misses you.
Your magical contamination has completely faded away.
There are monsters nearby!
You hit the gnoll. You grab the gnoll.
You squeeze the gnoll, but do no damage.
The gnoll is heavily wounded.
You constrict the gnoll.
The gnoll escapes!
You hit the gnoll. You grab the gnoll. You squeeze the gnoll.
You kill the gnoll!
The gnoll hits you from afar with a +0 halberd!
* * * LOW HITPOINT WARNING * * *
The gnoll hits you from afar with a +0 halberd!
You die...

##...## #........#
##.†...##
#..#####.#
#.......## #..##
#.#
.........####...##
#.#
.........')......#
#.#
.........####....#
#.# #.......##
#.g#.###.#
##.....##
#...)†...# ##...##
####@##### ##'##
###.# #.# #...#
#.# #.### ##.##
#.# ##...## #.#
#.....#######.#
#.............#
#.#.###########


You could see a gnoll.

Vanquished Creatures
  A jelly (D:5)
  Terence (D:2)
  A sleepcap (D:5)
  2 gnolls (D:2)
  2 adders
  A worm (D:2)
  A dart slug (D:2)
  An orc (D:3)
  2 endoplasms (D:1)
  6 giant cockroaches
  3 goblins
  7 hobgoblins
  A quokka (D:1)
  2 ball pythons
  6 bats
  4 frilled lizards
  2 kobolds
  2 rats
45 creatures vanquished.

Notes
Turn   | Place    | Note
-------+----------+-------------------------------------------
     0 | D:5      | mopl the Octopode Delver began the quest for the Orb.
     0 | D:5      | Reached XP level 1. HP: 16/16 MP: 1/1
    33 | D:5      | Noticed a jelly
    39 | D:5      | Killed a jelly
    40 | D:5      | Reached skill level 7 in Stealth
    40 | D:5      | Reached skill level 1 in Spellcasting
    40 | D:5      | Reached XP level 2. HP: 18/21 MP: 1/3
    40 | D:5      | Reached XP level 3. HP: 22/26 MP: 1/4
    43 | D:5      | Learned a level 2 spell: Ensorcelled Hibernation
    47 | D:5      | Noticed a water moccasin
   203 | D:5      | Reached skill level 1 in Hexes
   203 | D:5      | Reached XP level 4. HP: 31/31 MP: 6/6
   390 | D:3      | Reached skill level 2 in Spellcasting
   690 | D:2      | Noticed Terence
   698 | D:2      | Killed Terence
   734 | D:2      | Reached XP level 5. HP: 28/36 MP: 8/8
   771 | D:1      | Found a faded altar of an unknown god.
   940 | D:1      | Reached skill level 2 in Hexes
  1748 | D:2      | Mangled by a gnoll

Illustrated notes

Levels and vault maps discovered:
D:1:      dpeg_arrival_court, layout_loops_ring,
          ebering_ecumenical_altar_abandoned, corexii_item_surrounded_by_moat,
          st_stairs_11, minmay_indecisive_spiral
D:2:      layout_loops_corners, uniq_terence
D:3:      layout_loops_corners, uniq_grinder
D:4:      layout_rooms, lemuel_tele_altar, mainiacjoe_overflow_chevrons,
          nzn_random_ring
D:5:      layout_loops_cross, jmf_multi_god_temple,
          gammafunk_ghost_nasty_kobolds

Skill      XL: |  1  2  3  4  5 |
---------------+----------------+-----
Stealth        | 7 |  7.5
Spellcasting   | 1 2 |  2.6
Hexes          | 1 2 |  2.2
Fighting       | |  3.4
Long Blades    | |  2.0
Dodging        | |  2.0

Action                     |  1- 3 |  4- 6 || total
---------------------------+-------+-------++-------
  Melee: Falchion          |    14 |    76 ||    90
         Tentacles         |     6 |    12 ||    18
         Constrict         |     2 |    19 ||    21
         Punch             |       |     1 ||     1
   Cast: Ensorcelled Hiber |       |     3 ||     3
   Stab: Sleeping          |     2 |    16 ||    18
 Armour: Skin              |       |     2 ||     2
  Dodge: Dodged            |     8 |    55 ||    63

Table legend: (Time is in decaauts)
 A = Elapsed time spent in this place.
 B = Non-inter-level travel time spent in this place.
 C = Inter-level travel time spent in this place.
 D = Time resting spent in this place.
 E = Time spent auto-exploring this place.
 F = Levels seen in this place.
 G = Mean time per level.
                   A        B        C        D        E       F      G
               +--------+--------+--------+--------+--------+-----+--------+
         Total |   1765 |   1729 |     36 |    123 |   1139 |   5 |  353.0 |
       Dungeon |   1765 |   1729 |     36 |    123 |   1139 |   5 |  353.0 |
               +--------+--------+--------+--------+--------+-----+--------+

Top non-repeatable levels by time:
     D:1: 628 daAuts
     D:2: 528 daAuts
     D:3: 363 daAuts
     D:5: 231 daAuts
     D:4: 13 daAuts
